 Dungeon Crawl Stone Soup version 0.14-a0-3247-g5fd345f (webtiles) character file.

181 Kae the Ruffian (level 4, 0/35 HPs)
             Began as a Draconian Transmuter on Mar 12, 2014.
             Slain by Kae's ghost (10 damage)
             ... on Level 3 of the Dungeon.
             The game lasted 00:02:53 (2293 turns).

Kae the Ruffian (Draconian Transmuter)              Turns: 2293, Time: 00:02:53

HP   0/35        AC  6     Str 13      XL: 4   Next: 66%
MP   6/7         EV 12     Int 13      God:
Gold 67          SH  0     Dex 12      Spells:  1 memorised,  6 levels left

rFire  + . .     SeeInvis .       - Unarmed
rCold  . . .     Clarity  .     (armour unavailable)
rNeg   . . .     Conserve .     (no shield)
rPois  .         rCorr    .     (helmet restricted)
rElec  .         rRot     .     (no cloak)
SustAb . .       Spirit   .     o - +0 pair of gloves
rMut   .         Warding  .     (no boots)
Saprov . . .     Stasis   .     (no amulet)
MR     .....                    k - ring of protection from fire
                                c - ring of flight

@: appendage, not resistant to hostile enchantments, unstealthy
A: unfitting armour, horns 2, stinger 1, regeneration 1, wild magic 1, AC +5
a: End Transformation, Evoke Flight


You were on level 3 of the Dungeon.
You were hungry.
You had grown temporary horns.
You visited 1 branch of the dungeon, and saw 3 of its levels.

You collected 67 gold pieces.

Inventory:

Missiles
 b - 12 arrows
Armour
 o - a +0 pair of gloves (worn)
Comestibles
 a - 2 bread rations
 f - a meat ration
Scrolls
 e - 2 scrolls of identify
 g - a scroll of recharging {unknown}
 i - 3 scrolls of remove curse {unknown}
 j - a scroll of immolation {unknown}
Jewellery
 c - a ring of flight (left hand)
 k - a ring of protection from fire (right hand)
Books
 d - a book of Changes

   Spells                             Type                      Level
   *Beastly Appendage                 Transmutation                1
   Sticks to Snakes                   Transmutation                2
   Spider Form                        Transmutation/Poison         3
   Ice Form                           Ice/Transmutation            4
   Blade Hands                        Transmutation                5


   Skills:
 - Level 1.1 Fighting
 - Level 1.7 Dodging
 * Level 5.4 Unarmed Combat
 - Level 2.0 Spellcasting
 - Level 2.0 Transmutations


You had 6 spell levels left.
You knew the following spells:

 Your Spells              Type           Power        Failure   Level  Hunger
a - Beastly Appendage     Trmt           ##....       22%         1    ##.....


Dungeon Overview and Level Annotations

Branches:
Dungeon (3/15)

Altars:

Annotations:
D:3 Kae's ghost, average HEFi


Innate Abilities, Weirdness & Mutations

Your plain brown scales are hard (AC +5).
Your body does not fit into most forms of armour.
Your cold-blooded metabolism reacts poorly to cold.
You have a pair of horns on your head.
Your tail ends in a poisonous barb.
Your natural rate of healing is unusually fast.
Your spells are a little harder to cast, but a little more powerful.


Message History

Unknown command.
You hit Kae's ghost. You headbutt Kae's ghost.
Kae's ghost is moderately damaged.
Kae's ghost misses you.
You hit Kae's ghost but do no damage.
Kae's ghost is moderately damaged.
Kae's ghost hits you!
You barely miss Kae's ghost. Your headbutt misses Kae's ghost.
Kae's ghost is moderately damaged.
Kae's ghost hits you.
You barely miss Kae's ghost.
Kae's ghost is moderately damaged.
Kae's ghost shrieks, "You must not succeed where I failed!"
Kae's ghost hits you.
* * * LOW HITPOINT WARNING * * *
You are too injured to fight recklessly!
You are too injured to fight recklessly!
You are too injured to fight recklessly!
Kae's ghost hits you!
You die...

## #. #.##
#..## ###
##...## ..#
##.....##..#
#...@p.....#
#......###.#
#......## #
#.....##
#.....#
##...## ##.#
#.


You could see Kae's ghost.

Vanquished Creatures
  Jessica (D:2)
  4 adders (D:2)
  3 worms (D:2)
  2 giant geckos
  An ooze (D:1)
  6 bats (D:1)
  A giant cockroach (D:1)
  3 hobgoblins
  3 quokkas (D:2)
  A ball python (D:2)
  3 giant newts
  2 goblins (D:1)
  12 kobolds
  3 rats
45 creatures vanquished.

Notes
Turn   | Place    | Note
--------------------------------------------------------------
     0 | D:1      | Kae, the Draconian Transmuter, began the quest for the Orb.
     0 | D:1      | Reached XP level 1. HP: 16/16 MP: 3/3
   208 | D:1      | Reached XP level 2. HP: 21/23 MP: 4/4
   536 | D:1      | Reached skill level 4 in Unarmed Combat
  1159 | D:2      | Reached XP level 3. HP: 19/28 MP: 6/6
  1253 | D:2      | Noticed Jessica
  1322 | D:2      | Killed Jessica
  1572 | D:2      | Reached XP level 4. HP: 18/35 MP: 7/7
  1650 | D:2      | Reached skill level 5 in Unarmed Combat
  1690 | D:2      | Gained mutation: Your spells are a little harder to cast, but a little more powerful. [potion of mutation]
  1690 | D:2      | Gained mutation: Your tail ends in a poisonous barb. [potion of mutation]
  1690 | D:2      | Gained mutation: Your natural rate of healing is unusually fast. [potion of mutation]
  2282 | D:3      | Noticed Kae's ghost (average HEFi)
  2293 | D:3      | Slain by Kae's ghost

Action                   |  1- 3 |  4- 6 || total
-------------------------+-------+-------++-------
Melee: Unarmed           |   172 |    35 ||   207
 Cast: Beastly Appendage |     3 |     1 ||     4
  Use: Potion            |       |     5 ||     5
       Scroll            |       |     1 ||     1
